 Dungeon Crawl Stone Soup version 0.23-b1-84-g6588a6b (webtiles) character file.

Game seed: 15862256464154442123

5835 Yurtisuma the Severer (level 10, -4/115 HPs)
             Began as a Minotaur Berserker on Feb 9, 2019.
             Was an Elder of Trog.
             Slain by an 11-headed hydra (9 damage)
             ... on level 9 of the Dungeon on Feb 10, 2019.
             The game lasted 00:24:16 (6210 turns).

Yurtisuma the Severer (Minotaur Berserker)          Turns: 6210, Time: 00:24:17

Health: -4/115     AC: 14    Str: 30    XL:     10   Next: 51%
Magic:  9/9        EV:  9    Int:  4    God:    Trog [****..]
Gold:   428        SH:  5    Dex: 10    Spells: 9/9 levels left

rFire    + . .     SeeInvis .   a - +0 hand axe
rCold    . . .     Gourm    .   K - +0 buckler
rNeg     . . .     Faith    .   d - +0 chain mail
rPois    .         Spirit   .   (helmet restricted)
rElec    .         Reflect  .   p - +0 cloak
rCorr    .         Harm     .   E - +0 pair of gloves
MR       +....                  r - +0 pair of boots
Stlth    ..........             s - amulet of regeneration
HPRegen  0.69/turn              L - ring of protection from fire
MPRegen  0.11/turn              y - ring of protection from magic

@: berserking, starving, very quick
A: retaliatory headbutt, horns 2
a: Berserk, Trog's Hand, Brothers in Arms, Renounce Religion


You were on level 9 of the Dungeon.
You worshipped Trog.
Trog was greatly pleased with you.
You were starving.

You visited 2 branches of the dungeon, and saw 10 of its levels.
You also visited: Ossuary.

You collected 508 gold pieces.
You spent 80 gold pieces at shops.

Inventory:

Hand Weapons
 a - a +0 hand axe (weapon)
Armour
 b - a +0 animal skin
 d - a +0 chain mail (worn)
 o - a +0 ring mail
 p - a +0 cloak (worn)
 r - a +0 pair of boots (worn)
 B - a +0 plate armour
 E - a +0 pair of gloves (worn)
 K - a +0 buckler (worn)
Jewellery
 f - an uncursed ring of ice
 s - an amulet of regeneration (around neck)
 x - a -5 ring of dexterity
 y - a ring of protection from magic (right hand)
 L - a ring of protection from fire (left hand)
 N - an uncursed ring of protection from cold
 O - an uncursed ring of positive energy
 T - an uncursed ring of see invisible {unknown}
Wands
 A - a wand of random effects (31)
 D - a wand of iceblast (10)
 G - a wand of polymorph (4)
 M - a wand of acid (10)
Scrolls
 i - 12 scrolls of identify
 j - 2 scrolls of immolation
 k - 6 scrolls of remove curse
 m - a scroll of amnesia
 q - 5 scrolls of teleportation
 t - 3 scrolls of blinking
 u - 2 scrolls of fog
 w - a scroll of magic mapping
 C - 2 scrolls of fear
 Q - a scroll of random uselessness {unknown}
Potions
 e - 3 potions of heal wounds {unknown}
 g - 3 potions of haste {unknown}
 h - 3 potions of might
 l - 5 potions of mutation
 n - a potion of lignification {unknown}
 v - 2 potions of curing {unknown}
 z - 3 potions of ambrosia {unknown}
 F - a potion of berserk rage {unknown}
 H - a potion of flight {unknown}
 I - 3 potions of brilliance {unknown}
 J - 2 potions of cancellation {unknown}
 P - 2 potions of magic {unknown}
 R - a potion of invisibility {unknown}
Comestibles
 c - 17 rations


   Skills:
 - Level 3.6 Fighting
 * Level 16.1 Axes
 + Level 6.5 Armour
 - Level 2.2 Dodging
 + Level 5.9 Shields


You had 9 spell levels left.
You didn't know any spells.
Your spell library was empty.

Dungeon Overview and Level Annotations

Branches:
Dungeon (9/15)             Temple (1/1) D:5
   Lair: D:8-11         Orc: D:9-12

Altars:
Ashenzari
Cheibriados
Dithmenos
Elyvilon
Fedhas
Gozag
Hepliaklqana
Kikubaaqudgha
Makhleb
Nemelex Xobeh
Okawaru
Qazlal
Ru
Sif Muna
Trog
Uskayaw
Vehumet
Wu Jian
Xom
Yredelemnul
Zin
The Shining One

Shops:
D:4 *   D:5 :*!!*


Innate Abilities, Weirdness & Mutations

You reflexively headbutt those who attack you in melee.
You have a pair of horns on your head.


Message History

You closely miss the howler monkey. You hit the scorpion. You slash the yak!
You barely miss the ogre.
Your skin stops crawling.
You feel less resistant to hostile enchantments.
You hack one of the ten-headed hydra's heads off!
The nine-headed hydra grows two more!
You slash the 11-headed hydra!
The 11-headed hydra is almost dead.
You slash the ogre! You closely miss the yak. You slash the scorpion!
You slash the howler monkey! You block the ogre's attack.
The howler monkey barely misses you.
Your ogre hits the howler monkey with a +0 giant club!!
The howler monkey dies!
Trog accepts your kill. The 11-headed hydra barely misses you.
The 11-headed hydra completely misses you.
The 11-headed hydra bites you!
* * * LOW HITPOINT WARNING * * *
The 11-headed hydra bites you but does no damage.
You block the 11-headed hydra's attack. The 11-headed hydra bites you!
You die...

.............
###....S......
#............
............
...$.......
........o.#
......O†DO#
##...s@.#
#....Y<##
#..c..)###
#.###....## ..
###...# ..
#...# ....#
.....# .......


You could see a 11-headed hydra, a yak, an ogre, a centaur, a scorpion, an
adder, an orc and a friendly ogre (berserk).

Vanquished Creatures
  The ghost of slphil the Cleaver, a novice FoFi of Okawaru (D:7)
  Pikel (D:5)
  Grinder (D:4)
  A hornet (D:8)
  Sigmund (D:5)
  2 yaks (D:9)
  Menkaure (Ossuary)
  Duvessa (D:5)
  2 phantoms (D:5)
  2 slaves (D:5)
  2 ice beasts
  2 ogres (D:6)
  2 black bears
  5 centaurs
  4 bullfrogs (D:8)
  A wyvern zombie (D:8)
  Dowan (D:5)
  2 scorpions
  10 wights
  11 killer bees (D:8)
  3 howler monkeys (D:9)
  A bullfrog zombie (D:7)
  A crimson imp (D:6)
  3 hounds
  A bullfrog skeleton (D:6)
  2 centaur skeletons
  4 jellies
  5 iguanas
  Ijyb (D:4)
  Natasha (thrice) (D:4)
  2 orc wizards (D:9)
  6 worker ants
  A hound skeleton (D:4)
  3 mummies (Ossuary)
  A worker ant zombie (D:5)
  Robin (D:3)
  3 gnolls (D:4)
  12 adders
  An adder skeleton (D:6)
  2 worms
  3 dart slugs
  6 leopard geckos
  11 orcs
  A ball python (D:3)
  5 giant cockroaches
  17 goblins
  13 hobgoblins
  2 jackals (D:6)
  3 quokkas
  7 bats
  6 frilled lizards
  3 gnoll skeletons (Ossuary)
  3 gnoll zombies (Ossuary)
  2 goblin skeletons (Ossuary)
  3 goblin zombies (Ossuary)
  7 hobgoblin skeletons (Ossuary)
  A hobgoblin zombie (Ossuary)
  5 kobolds
  A kobold skeleton (Ossuary)
  8 kobold zombies (Ossuary)
  A leopard gecko skeleton (D:8)
  2 leopard gecko zombies (D:5)
  8 orc skeletons (Ossuary)
  5 orc zombies (Ossuary)
  7 rats
  4 rat skeletons (Ossuary)
  4 rat zombies (Ossuary)
247 creatures vanquished.

Vanquished Creatures (collateral kills)
  A howler monkey (D:9)
1 creature vanquished.

Vanquished Creatures (others)
  An orc zombie (Ossuary)
1 creature vanquished.

Grand Total: 249 creatures vanquished

Notes
Turn   | Place    | Note
-------+----------+-------------------------------------------
     0 | D:1      | Yurtisuma the Minotaur Berserker began the quest for the
                  | Orb.
     0 | D:1      | Reached XP level 1. HP: 19/19 MP: 0/0
    36 | D:1      | Reached skill level 4 in Axes
    77 | D:1      | Reached XP level 2. HP: 24/26 MP: 1/1
   382 | D:1      | Reached skill level 5 in Axes
   533 | D:2      | Reached XP level 3. HP: 17/31 MP: 2/2
   769 | D:2      | Reached ** piety under Trog
   893 | D:2      | You fall through a shaft for 2 floors!
   893 | D:4      | Noticed Grinder
   907 | D:4      | Paralysed by Grinder for 5 turns
   915 | D:4      | Killed Grinder
   915 | D:4      | Reached skill level 8 in Axes
   915 | D:4      | Reached XP level 4. HP: 9/39 MP: 3/3
   915 | D:4      | Reached XP level 5. HP: 10/45 MP: 4/4
   966 | D:2      | Reached XP level 6. HP: 22/51 MP: 5/5
  1326 | D:3      | Noticed Robin
  1341 | D:3      | Killed Robin
  1960 | D:4      | Reached skill level 9 in Axes
  2056 | D:4      | Noticed Ijyb
  2067 | D:4      | Killed Ijyb
  2112 | D:4      | Reached XP level 7. HP: 28/57 MP: 6/6
  2401 | D:4      | Found Jaqow's Elemental Accessories.
  2501 | D:4      | Reached skill level 10 in Axes
  2607 | D:4      | Noticed Natasha
  2617 | D:4      | Killed Natasha
  2617 | D:4      | Reached *** piety under Trog
  2852 | D:4      | Noticed Natasha
  2869 | D:4      | Killed Natasha
  2894 | D:4      | Noticed Natasha
  2907 | D:4      | Killed Natasha
  2911 | D:5      | Entered Level 5 of the Dungeon
  2959 | D:5      | Reached skill level 11 in Axes
  3001 | D:5      | Noticed Sigmund
  3058 | D:5      | Killed Sigmund
  3058 | D:5      | Reached XP level 8. HP: 64/64 MP: 7/7
  3084 | D:5      | Noticed Pikel
  3117 | D:5      | Killed Pikel
  3117 | D:5      | Reached skill level 13 in Axes
  3140 | D:5      | Found Otoaffacw's Assorted Antiques.
  3141 | D:5      | Found Fiqil's Distillery.
  3164 | D:5      | Bought a potion of mutation for 80 gold pieces
  3175 | D:5      | Found Foubia's Assorted Antiques.
  3304 | D:5      | Found Unyamiruomm's Distillery.
  3347 | D:5      | Noticed Dowan
  3348 | D:5      | Noticed Duvessa
  3364 | D:5      | Killed Duvessa
  3377 | D:5      | Killed Dowan
  3403 | D:5      | Found Hicerio's Book Boutique.
  3476 | D:5      | Reached XP level 9. HP: 70/70 MP: 8/8
  3506 | D:5      | Found a staircase to the Ecumenical Temple.
  3552 | Temple   | Entered the Ecumenical Temple
  4021 | D:6      | Reached skill level 14 in Axes
  4331 | D:6      | Reached skill level 1 in Shields
  4722 | D:7      | Noticed slphil's ghost (novice FoFi)
  4724 | D:7      | Found a runed translucent door.
  4767 | D:7      | Killed slphil's ghost
  4767 | D:7      | Reached skill level 15 in Axes
  5129 | D:8      | Reached skill level 5 in Armour
  5134 | D:8      | Reached XP level 10. HP: 51/77 MP: 9/9
  5447 | D:8      | Found a sand-covered staircase.
  5452 | Ossuary  | Entered an ossuary
  5458 | Ossuary  | Reached **** piety under Trog
  5721 | Ossuary  | Noticed Menkaure
  5736 | Ossuary  | HP: 5/115 [Menkaure (8)]
  5737 | Ossuary  | Killed Menkaure
  5828 | D:8      | Reached skill level 5 in Shields
  5916 | D:8      | Found a bloodstained altar of Trog.
  6172 | D:9      | Reached ***** piety under Trog
  6193 | D:9      | Noticed a six-headed hydra
  6196 | D:9      | Reached skill level 16 in Axes
  6210 | D:9      | HP: 5/115 [11-headed hydra (12)]
  6210 | D:9      | Slain by an 11-headed hydra

Skill      XL: |  1  2  3  4  5  6  7  8  9 10 |
---------------+-------------------------------+-----
Axes           | 4 5 8 9 11 13 15 16 | 16.1
Shields        | 4 5 |  5.9
Armour         | 5 6 |  6.5
Fighting       | |  3.6
Dodging        | |  2.2

Action                   |  1- 3 |  4- 6 |  7- 9 | 10-12 || total
-------------------------+-------+-------+-------+-------++-------
Melee: Hand axe          |    91 |   134 |   315 |   250 ||   790
       Headbutt          |    12 |    28 |    66 |    53 ||   159
Invok: Berserk           |     1 |     1 |     4 |     2 ||     8
       Trog's Hand       |       |     1 |     2 |     3 ||     6
       Brothers in Arms  |       |       |       |     1 ||     1
  Use: Scroll            |       |       |    10 |       ||    10
  Eat: Chunk             |       |     5 |     6 |     1 ||    12
       Ration            |       |       |     3 |     1 ||     4
Armor: Chain mail        |    57 |    60 |   136 |   122 ||   375
Dodge: Dodged            |    36 |    41 |    99 |   108 ||   284
Block: Buckler           |       |       |    21 |    47 ||    68
